WASHINGTON vs BUFFALO

Created - June-11-21 at 20:24

Goals
1 2 3 T
WASHINGTON 0 4 1 5
BUFFALO 1 1 1 3
Shots
1 2 3 T
WASHINGTON 10 11 8 29
BUFFALO 7 9 7 23

1st period

1. BUFFALO , Marc Staal 4 (Alex Killorn 19, Jordan Staal 16) at 2:49

Penalties :
Shea Theodore (BUF) for Hooking (Minor) at 4:59, Roman Josi (BUF) for Hooking (Minor) at 13:08, Blake Wheeler (WSH) for Hooking (Minor) at 17:38

2nd period

2. BUFFALO , James van Riemsdyk 15 (Charlie Coyle 28) at 0:34 (PP)
3. WASHINGTON , Ryan O'Reilly 15 (Brayden Schenn 16, Matt Niskanen 21) at 7:55
4. WASHINGTON , Casey Cizikas 11 (Blake Wheeler 30, Justin Williams 12) at 8:13
5. WASHINGTON , Blake Wheeler 23 (Casey Cizikas 14, Damon Severson 38) at 9:46
6. WASHINGTON , Clayton Keller 23 (Matt Niskanen 22, Damon Severson 39) at 17:45

Penalties :
Ryan Getzlaf (WSH) for Elbowing (Minor) at 0:32, Damon Severson (WSH) for Roughing (Minor) at 0:59, Brent Seabrook (BUF) for Roughing (Minor) at 13:17

3rd period

7. BUFFALO , Drew Doughty 18 (Brad Marchand 44) at 17:50
8. WASHINGTON , Victor Hedman 13 (Clayton Keller 30, Brendan Gallagher 28) at 18:15

Penalties :
Drew Doughty (BUF) for Roughing (Minor) at 1:55, Shea Theodore (BUF) for Fighting (Major) at 14:14, Brayden Schenn (WSH) for Fighting (Major) at 14:14, Victor Hedman (WSH) for High sticking (Minor) at 14:19, Zach Parise (WSH) for Hooking (Minor) at 17:16

Goalie Stats

Carter Hart (WSH), 20 saves from 23 shots - (0.870), W, 34-24-8, 60:00 minutes
Alex Stalock (BUF), 24 saves from 29 shots - (0.828), L, 7-7-0, 60:00 minutes

Players Stats for WASHINGTON

Player Name              G  A  P  +/- PIM S  H  SB GA TA FO     MP     PP MP  PK MP  
------------------------------------------------------------------------------------
Blake Wheeler            1  1  2   0  2   4  0  0  0  0  0/0    22:25   3:30   2:34 
Brayden Schenn           0  1  1   1  5   0  3  0  0  0  0/0    17:22   2:54   0:19 
Brendan Gallagher        0  1  1   2  0   3  2  0  0  0  0/1    18:46   4:29   0:00 
Cal Clutterbuck          0  0  0  -1  0   0  3  0  0  0  0/1     8:08   0:33   0:00 
Casey Cizikas            1  1  2   1  0   1  1  0  0  0  4/14   10:41   0:33   0:30 
Clayton Keller           1  1  2   2  0   5  0  0  0  0  0/0    19:14   4:29   0:28 
Damon Severson           0  2  2   2  2   1  1  3  0  0  0/0    21:07   3:35   1:45 
Dylan DeMelo             0  0  0   1  0   0  2  1  0  0  0/0    13:24   0:00   0:11 
Justin Williams          0  1  1   1  0   0  0  0  0  0  0/0    10:11   0:33   0:00 
Luke Glendening          0  0  0   0  0   0  0  0  0  0  2/6     6:49   0:00   0:30 
Matt Niskanen            0  2  2   2  0   4  3  0  0  0  0/0    22:17   3:35   2:54 
Radko Gudas              0  0  0   1  0   1  2  1  0  0  0/0    15:28   0:00   2:15 
Ryan Getzlaf             0  0  0   2  2   4  3  0  0  0  14/26  22:30   4:29   2:31 
Ryan Graves              0  0  0   0  0   0  2  1  0  0  0/0    16:23   0:00   3:07 
Ryan O'Reilly            1  0  1   0  0   2  0  0  0  0  16/27  22:11   2:54   3:28 
Victor Hedman            1  0  1   0  2   2  3  0  0  0  0/0    23:12   4:21   1:50 
Victor Mete              0  0  0   0  0   0  0  0  0  0  0/0     4:37   0:51   0:00 
Zach Parise              0  0  0   1  2   2  0  0  0  0  0/0    19:08   2:54   1:42 

Players Stats for BUFFALO

Player Name              G  A  P  +/- PIM S  H  SB GA TA FO     MP     PP MP  PK MP  
------------------------------------------------------------------------------------
Alex Killorn             0  1  1   0  0   1  1  0  0  0  0/0    12:26   0:00   0:00 
Brad Marchand            0  1  1   0  0   4  2  1  0  0  0/1    21:18   3:21   4:33 
Brent Seabrook           0  0  0  -3  2   0  1  1  0  0  0/0    21:02   2:17   3:13 
Brock Nelson             0  0  0   0  0   0  0  0  0  0  2/2    16:57   3:21   0:12 
Carl Hagelin             0  0  0   0  0   1  0  0  0  0  0/0    10:40   0:00   3:46 
Charlie Coyle            0  1  1  -3  0   2  0  0  0  0  2/3    15:59   2:40   0:00 
Drew Doughty             1  0  1   0  2   4  2  1  0  0  0/0    25:22   3:44   2:42 
Dustin Brown             0  0  0   0  0   2  1  0  0  0  1/1    12:57   0:00   0:31 
Eric Staal               0  0  0  -3  0   1  1  0  0  0  8/20   15:59   2:40   0:00 
James van Riemsdyk       1  0  1   0  0   1  1  0  0  0  0/0     9:00   2:06   0:00 
Jason Zucker             0  0  0  -3  0   1  0  0  0  0  0/0    13:19   0:00   0:00 
Jordan Staal             0  1  1   0  0   1  1  0  0  0  18/25  16:58   0:34   3:58 
Marc Staal               1  0  1  -1  0   2  1  1  0  0  0/0    16:19   0:00   3:58 
Marco Scandella          0  0  0   0  0   1  2  2  0  0  0/0    12:49   0:56   0:20 
Matt Duchene             0  0  0   0  0   0  1  0  0  0  7/18   16:45   3:21   0:00 
Noel Acciari             0  0  0   0  0   0  2  1  0  0  1/5     9:46   0:00   2:52 
Roman Josi               0  0  0   0  2   2  2  1  0  0  0/0    25:31   3:44   2:51 
Shea Theodore            0  0  0  -2  7   0  0  1  0  0  0/0    18:52   1:21   2:48 

3 Stars

1 - Clayton Keller (WSH)
2 - Casey Cizikas (WSH)
3 - Matt Niskanen (WSH)

Power Play

WASHINGTON - 0 on 4 Attempt(s) - 0.00%
BUFFALO - 1 on 5 Attempt(s) - 20.00%

Penalty Kill

WASHINGTON - 4 on 5 Attempt(s) - 80.00% - Score 0 goal in Penalty Kill
BUFFALO - 4 on 4 Attempt(s) - 100.00% - Score 0 goal in Penalty Kill

Team Stat

WASHINGTON - Hits : 25 - Faceoff Wins : 36 - Blocked Shots : 6 - Penalty Minutes : 15
BUFFALO - Hits : 18 - Faceoff Wins : 39 - Blocked Shots : 9 - Penalty Minutes : 13

Official

Referees : Shaun Fletcher and Dan O'Halloran
Linesman : Brian Mach and Ken Bonham

Game Notes

Brayden Schenn beats up Shea Theodore at 14:14 of 3rd period

Finance

Level 1 -- Attendance: 6000 (100.00%) -- Ticket Income $480,000
Level 2 -- Attendance: 4959 (99.18%) -- Ticket Income $247,950
Level 3 -- Attendance: 1939 (96.95%) -- Ticket Income $54,292
Level 4 -- Attendance: 3641 (91.03%) -- Ticket Income $54,615
Luxury Box -- Attendance: 1000 (100.00%) -- Ticket Income $160,000
Game was played at the KeyBank Center.
Total Attendance: 17539 (97.44%)
Total Ticket Income: $996,857
Total Income: $996,857

WASHINGTON

5 vs 5 Forward 
   Center                   Left Wing                Right Wing               Time % Phy DF OF 
 1 Ryan Getzlaf             Clayton Keller           Brendan Gallagher        35     0   2  3  
 2 Ryan O'Reilly            Brayden Schenn           Zach Parise              30     0   3  2  
 3 Casey Cizikas            Blake Wheeler            Justin Williams          25     1   3  1  
 4 Luke Glendening          Blake Wheeler            Cal Clutterbuck          10     1   3  1  

5 vs 5 Defense 
   Defense                  Defense                                           Time % Phy DF OF 
 1 Victor Hedman            Ryan Graves                                       45     0   3  2  
 2 Matt Niskanen            Damon Severson                                    40     0   2  3  
 3 Radko Gudas              Dylan DeMelo                                      14     1   3  1  
 4 Victor Hedman            Victor Mete                                       1      0   3  2  

PowerPlay Forward 
   Center                   Left Wing                Right Wing               Time % Phy DF OF 
 1 Ryan O'Reilly            Brayden Schenn           Zach Parise              50     0   0  5  
 2 Ryan Getzlaf             Clayton Keller           Brendan Gallagher        50     0   0  5  

PowerPlay Defense
   Defense                  Defense                                           Time % Phy DF OF 
 1 Victor Hedman            Blake Wheeler                                     50     0   0  5  
 2 Matt Niskanen            Damon Severson                                    50     0   0  5  

Penalty Kill 4 Players Forward 
   Center                   Wing                     Time % Phy DF OF 
 1 Ryan O'Reilly            Blake Wheeler            65     0   4  1  
 2 Luke Glendening          Casey Cizikas            35     0   4  1  

Penalty Kill 4 Players Defense
   Defense                  Defense                  Time % Phy DF OF 
 1 Victor Hedman            Ryan Graves              65     0   5  0  
 2 Matt Niskanen            Damon Severson           35     0   5  0  

Penalty Kill - 3 Players Forward 
   Forward                                           Time % Phy DF OF 
 1 Ryan O'Reilly                                     65     0   5  0  
 2 Ryan Getzlaf                                      35     0   5  0  

Penalty Kill - 3 Players Defense
   Defense                  Defense                  Time % Phy DF OF 
 1 Victor Hedman            Ryan Graves              65     0   5  0  
 2 Matt Niskanen            Damon Severson           35     0   5  0  

4 vs 4 Forward 
   Center                   Wing                     Time % Phy DF OF 
 1 Ryan O'Reilly            Zach Parise              50     0   2  3  
 2 Brayden Schenn           Blake Wheeler            50     0   2  3  

4 vs 4 Defense
   Defense                  Defense                  Time % Phy DF OF 
 1 Victor Hedman            Ryan Graves              50     0   3  2  
 2 Matt Niskanen            Damon Severson           50     0   2  3  

Last Minutes Offensive
   Center                   Left Wing                Right Wing               Defense                  Defense                  
   Ryan Getzlaf             Clayton Keller           Brendan Gallagher        Victor Hedman            Matt Niskanen            

Last Minutes Defensive
   Center                   Left Wing                Right Wing               Defense                  Defense                  
   Ryan O'Reilly            Brayden Schenn           Blake Wheeler            Victor Hedman            Ryan Graves              

Goaltenders
Starting : Carter Hart              
Backup : Carter Hutton            

Extra Forwards
Normal : Blake Wheeler, Ryan O'Reilly, Zach Parise - PP : Justin Williams, Casey Cizikas - PK : Ryan Getzlaf
Extra Defensemen
Normal : Victor Hedman, Matt Niskanen, Damon Severson - PP : Victor Mete - PK : Radko Gudas, Dylan DeMelo
Penalty Shots
Ryan Getzlaf, Zach Parise, Justin Williams, Blake Wheeler, Ryan O'Reilly

Scratches
WSH Cap Hit (Suspend), Sam Bennett (Healthy), Martin Frk (Healthy)

BUFFALO

5 vs 5 Forward 
   Center                   Left Wing                Right Wing               Time % Phy DF OF 
 1 Matt Duchene             Brad Marchand            Brock Nelson             35     0   1  4  
 2 Eric Staal               Jason Zucker             Charlie Coyle            30     0   1  4  
 3 Jordan Staal             Alex Killorn             Dustin Brown             25     1   1  3  
 4 Noel Acciari             James van Riemsdyk       Carl Hagelin             10     2   2  1  

5 vs 5 Defense 
   Defense                  Defense                                           Time % Phy DF OF 
 1 Roman Josi               Drew Doughty                                      35     1   1  3  
 2 Brent Seabrook           Shea Theodore                                     30     1   1  3  
 3 Marco Scandella          Marc Staal                                        25     1   1  3  
 4 Roman Josi               Drew Doughty                                      10     1   1  3  

PowerPlay Forward 
   Center                   Left Wing                Right Wing               Time % Phy DF OF 
 1 Matt Duchene             Brad Marchand            Brock Nelson             60     0   0  5  
 2 Eric Staal               James van Riemsdyk       Charlie Coyle            40     0   0  5  

PowerPlay Defense
   Defense                  Defense                                           Time % Phy DF OF 
 1 Roman Josi               Drew Doughty                                      60     1   0  4  
 2 Brent Seabrook           Shea Theodore                                     40     1   0  4  

Penalty Kill 4 Players Forward 
   Center                   Wing                     Time % Phy DF OF 
 1 Jordan Staal             Brad Marchand            60     2   2  1  
 2 Noel Acciari             Carl Hagelin             40     1   3  1  

Penalty Kill 4 Players Defense
   Defense                  Defense                  Time % Phy DF OF 
 1 Roman Josi               Drew Doughty             60     1   2  2  
 2 Brent Seabrook           Marc Staal               40     1   2  2  

Penalty Kill - 3 Players Forward 
   Forward                                           Time % Phy DF OF 
 1 Jordan Staal                                      60     1   4  0  
 2 Noel Acciari                                      40     1   4  0  

Penalty Kill - 3 Players Defense
   Defense                  Defense                  Time % Phy DF OF 
 1 Roman Josi               Drew Doughty             60     1   2  2  
 2 Brent Seabrook           Marc Staal               40     1   2  2  

4 vs 4 Forward 
   Center                   Wing                     Time % Phy DF OF 
 1 Eric Staal               Brock Nelson             60     1   1  3  
 2 Jordan Staal             Alex Killorn             40     1   1  3  

4 vs 4 Defense
   Defense                  Defense                  Time % Phy DF OF 
 1 Roman Josi               Drew Doughty             60     1   2  2  
 2 Brent Seabrook           Shea Theodore            40     1   2  2  

Last Minutes Offensive
   Center                   Left Wing                Right Wing               Defense                  Defense                  
   Matt Duchene             Brad Marchand            Brock Nelson             Roman Josi               Drew Doughty             

Last Minutes Defensive
   Center                   Left Wing                Right Wing               Defense                  Defense                  
   Jordan Staal             Brad Marchand            Brock Nelson             Roman Josi               Drew Doughty             

Goaltenders
Starting : Alex Stalock             
Backup : Tuukka Rask              

Extra Forwards
Normal : Jordan Staal, James van Riemsdyk, Carl Hagelin - PP : Jordan Staal, James van Riemsdyk - PK : Carl Hagelin
Extra Defensemen
Normal : Shea Theodore, Brent Seabrook, Marc Staal - PP : Marco Scandella - PK : Shea Theodore, Marco Scandella
Penalty Shots
Matt Duchene, Brad Marchand, Brock Nelson, James van Riemsdyk, Charlie Coyle

Scratches
David Backes (Healthy), Nate Thompson (Healthy), Matt Grzelcyk (Healthy)

% Time on Ice - WASHINGTON

Lines # - Real PCT - Wanted PCT - Time Play
Normal Forward
1 - 31% - 35% - 14:17
2 - 34% - 30% - 15:49
3 - 21% - 25% - 9:38
4 - 14% - 10% - 6:19
Normal Defense
1 - 29% - 45% - 13:16
2 - 34% - 40% - 15:48
3 - 29% - 14% - 13:13
4 - 8% - 1% - 3:46
PP Forward
1 - 37% - 50% - 2:54
2 - 63% - 50% - 5:02
PP Defense
1 - 55% - 50% - 4:21
2 - 45% - 50% - 3:35
PK Forward
1 - 92% - 65% - 5:31
2 - 8% - 35% - 0:30
PK Defense
1 - 52% - 65% - 3:07
2 - 48% - 35% - 2:54
PK3 Forward
1 - 0% - 65%
2 - 0% - 35%
PK3 Defense
1 - 0% - 65%
2 - 0% - 35%
44 Forward
1 - 0% - 50%
2 - 0% - 50%
44 Defense
1 - 0% - 50%
2 - 0% - 50%
Last Minute Offensive  - 0:00
Last Minute Defensive  - 0:00
Total
Forward - 60:00
Defense - 60:00

% Time on Ice - BUFFALO

Lines # - Real PCT - Wanted PCT - Time Play
Normal Forward
1 - 29% - 35% - 13:24
2 - 29% - 30% - 13:19
3 - 27% - 25% - 12:26
4 - 15% - 10% - 6:54
Normal Defense
1 - 35% - 35% - 16:00
2 - 34% - 30% - 15:33
3 - 25% - 25% - 11:33
4 - 6% - 10% - 2:57
PP Forward
1 - 56% - 60% - 3:21
2 - 44% - 40% - 2:40
PP Defense
1 - 62% - 60% - 3:44
2 - 38% - 40% - 2:17
PK Forward
1 - 64% - 60% - 5:04
2 - 36% - 40% - 2:52
PK Defense
1 - 50% - 60% - 3:58
2 - 50% - 40% - 3:58
PK3 Forward
1 - 0% - 60%
2 - 0% - 40%
PK3 Defense
1 - 0% - 60%
2 - 0% - 40%
44 Forward
1 - 0% - 60%
2 - 0% - 40%
44 Defense
1 - 0% - 60%
2 - 0% - 40%
Last Minute Offensive  - 0:00
Last Minute Defensive  - 0:00
Total
Forward - 60:00
Defense - 60:00

Play-by-Play

1st period


0:01 of 1st period - Ryan Getzlaf wins face-off versus Matt Duchene in neutral zone.
0:01 of 1st period - Ryan Getzlaf is hit by Brad Marchand.
0:09 of 1st period - Shot by Brendan Gallagher.
0:09 of 1st period - Stopped by Alex Stalock without a rebound.
0:10 of 1st period - Ryan O'Reilly wins face-off versus Charlie Coyle in BUFFALO zone.
0:32 of 1st period - Jason Zucker is hit by Damon Severson.
1:11 of 1st period - Icing by Brent Seabrook.
1:12 of 1st period - Ryan Getzlaf wins face-off versus Eric Staal in BUFFALO zone.
1:41 of 1st period - Shot by Brendan Gallagher.
1:41 of 1st period - Stopped by Alex Stalock with a rebound.
1:58 of 1st period - Icing by Shea Theodore.
1:59 of 1st period - Luke Glendening wins face-off versus Eric Staal in BUFFALO zone.
2:15 of 1st period - Shot by Blake Wheeler.
2:15 of 1st period - Stopped by Alex Stalock without a rebound.
2:16 of 1st period - Matt Duchene wins face-off versus Ryan O'Reilly in BUFFALO zone.
2:41 of 1st period - Shot by Brock Nelson.
2:41 of 1st period - Shot Blocked by Damon Severson.
2:43 of 1st period - Shot by Brock Nelson.
2:43 of 1st period - Shot Misses the Net.
2:45 of 1st period - Shot by Drew Doughty.
2:45 of 1st period - Stopped by Carter Hart without a rebound.
2:46 of 1st period - Jordan Staal wins face-off versus Casey Cizikas in WASHINGTON zone.
2:47 of 1st period - Shot by Alex Killorn.
2:47 of 1st period - Shot Misses the Net.
2:49 of 1st period - Shot by Marc Staal.
2:49 of 1st period - Goal by Marc Staal - WASHINGTON : 0 - BUFFALO : 1.
2:50 of 1st period - Jordan Staal wins face-off versus Casey Cizikas in neutral zone.
2:54 of 1st period - Marco Scandella is hit by Ryan Graves and loses puck.
2:59 of 1st period - Shot by Jordan Staal.
2:59 of 1st period - Stopped by Carter Hart without a rebound.
3:00 of 1st period - Ryan Getzlaf wins face-off versus Matt Duchene in WASHINGTON zone.
4:59 of 1st period - Minor Penalty to Shea Theodore for Hooking.
5:00 of 1st period - Jordan Staal wins face-off versus Ryan O'Reilly in BUFFALO zone.
5:06 of 1st period - Icing by Victor Hedman.
5:07 of 1st period - Jordan Staal wins face-off versus Ryan O'Reilly in WASHINGTON zone.
6:05 of 1st period - Shot by Matt Niskanen.
6:05 of 1st period - Stopped by Alex Stalock without a rebound.
6:06 of 1st period - Jordan Staal wins face-off versus Ryan Getzlaf in BUFFALO zone.
6:21 of 1st period - Shot by Victor Hedman.
6:21 of 1st period - Shot Blocked by Noel Acciari.
6:33 of 1st period - Shot by Clayton Keller.
6:33 of 1st period - Stopped by Alex Stalock with a rebound.
7:03 of 1st period - Shot by Zach Parise.
7:03 of 1st period - Stopped by Alex Stalock without a rebound.
7:04 of 1st period - Jordan Staal wins face-off versus Luke Glendening in BUFFALO zone.
8:07 of 1st period - Shot by Ryan O'Reilly.
8:07 of 1st period - Shot Misses the Net.
8:31 of 1st period - Shot by Brad Marchand.
8:31 of 1st period - Stopped by Carter Hart without a rebound.
8:32 of 1st period - Charlie Coyle wins face-off versus Ryan Getzlaf in WASHINGTON zone.
8:59 of 1st period - Shot by Ryan Getzlaf.
8:59 of 1st period - Shot Misses the Net.
9:16 of 1st period - Icing by Brendan Gallagher.
9:17 of 1st period - Ryan Getzlaf wins face-off versus Noel Acciari in WASHINGTON zone.
9:35 of 1st period - Shot by Carl Hagelin.
9:35 of 1st period - Deflect By James van Riemsdyk.
9:35 of 1st period - Shot Misses the Net.
9:37 of 1st period - Shot by James van Riemsdyk.
9:37 of 1st period - Shot Misses the Net.
10:53 of 1st period - Shot by Damon Severson.
10:53 of 1st period - Stopped by Alex Stalock with a rebound.
11:47 of 1st period - Icing by Alex Killorn.
11:48 of 1st period - Jordan Staal wins face-off versus Cal Clutterbuck in BUFFALO zone.
11:48 of 1st period - Jordan Staal is hit by Cal Clutterbuck.
11:56 of 1st period - Cal Clutterbuck is hit by Dustin Brown and loses puck.
12:01 of 1st period - Shot by Dustin Brown.
12:01 of 1st period - Stopped by Carter Hart without a rebound.
12:02 of 1st period - Ryan O'Reilly wins face-off versus Eric Staal in WASHINGTON zone.
12:09 of 1st period - Shot by Brayden Schenn.
12:09 of 1st period - Shot Misses the Net.
12:15 of 1st period - Shot by Jason Zucker.
12:15 of 1st period - Stopped by Carter Hart without a rebound.
12:16 of 1st period - Casey Cizikas wins face-off versus Noel Acciari in WASHINGTON zone.
12:16 of 1st period - Casey Cizikas is hit by Noel Acciari.
12:19 of 1st period - Icing by Victor Hedman.
12:20 of 1st period - Eric Staal wins face-off versus Casey Cizikas in WASHINGTON zone.
12:35 of 1st period - Shot by Casey Cizikas.
12:35 of 1st period - Shot Hit the Post.
12:40 of 1st period - Icing by Drew Doughty.
12:41 of 1st period - Ryan Getzlaf wins face-off versus Eric Staal in BUFFALO zone.
12:44 of 1st period - Shot by Brendan Gallagher.
12:44 of 1st period - Shot Misses the Net.
12:46 of 1st period - Shot by Clayton Keller.
12:46 of 1st period - Shot Misses the Net.
12:56 of 1st period - Clayton Keller is hit by Roman Josi and loses puck.
13:08 of 1st period - Minor Penalty to Roman Josi for Hooking.
13:09 of 1st period - Ryan O'Reilly wins face-off versus Jordan Staal in BUFFALO zone.
13:24 of 1st period - Shot by Blake Wheeler.
13:24 of 1st period - Shot Blocked by Brent Seabrook.
13:26 of 1st period - Shot by Ryan O'Reilly.
13:26 of 1st period - Stopped by Alex Stalock without a rebound.
13:27 of 1st period - Jordan Staal wins face-off versus Ryan Getzlaf in BUFFALO zone.
13:27 of 1st period - Jordan Staal is hit by Brendan Gallagher.
13:37 of 1st period - Brad Marchand is hit by Ryan Getzlaf and loses puck.
14:02 of 1st period - Shot by Matt Niskanen.
14:02 of 1st period - Shot Misses the Net.
14:04 of 1st period - Shot by Matt Niskanen.
14:04 of 1st period - Stopped by Alex Stalock with a rebound.
14:13 of 1st period - Icing by Clayton Keller.
14:14 of 1st period - Ryan Getzlaf wins face-off versus Noel Acciari in WASHINGTON zone.
14:45 of 1st period - Noel Acciari is hit by Brayden Schenn and loses puck.
16:10 of 1st period - Shot by Blake Wheeler.
16:10 of 1st period - Stopped by Alex Stalock without a rebound.
16:11 of 1st period - Noel Acciari wins face-off versus Ryan O'Reilly in BUFFALO zone.
16:36 of 1st period - Shea Theodore is hit by Brayden Schenn and loses puck.
17:18 of 1st period - Shea Theodore is hit by Cal Clutterbuck and loses puck.
17:38 of 1st period - Minor Penalty to Blake Wheeler for Hooking.
17:39 of 1st period - Ryan O'Reilly wins face-off versus Matt Duchene in WASHINGTON zone.
18:07 of 1st period - Icing by Brad Marchand.
18:08 of 1st period - Matt Duchene wins face-off versus Ryan Getzlaf in BUFFALO zone.
19:22 of 1st period - Off-side.
19:23 of 1st period - Eric Staal wins face-off versus Ryan O'Reilly in neutral zone.
19:46 of 1st period - Shot by Dustin Brown.
19:46 of 1st period - Stopped by Carter Hart without a rebound.
19:47 of 1st period - Jordan Staal wins face-off versus Luke Glendening in WASHINGTON zone.
Goals for this period are 0 for WASHINGTON vs 1 for BUFFALO.
Shots for this period are 10 for WASHINGTON vs 7 for BUFFALO.

2nd period


0:01 of 2nd period - Ryan Getzlaf wins face-off versus Matt Duchene in neutral zone.
0:11 of 2nd period - Roman Josi is hit by Ryan Graves and loses puck.
0:32 of 2nd period - Minor Penalty to Ryan Getzlaf for Elbowing.
0:33 of 2nd period - Charlie Coyle wins face-off versus Ryan O'Reilly in WASHINGTON zone.
0:34 of 2nd period - Shot by James van Riemsdyk.
0:34 of 2nd period - Goal by James van Riemsdyk - WASHINGTON : 0 - BUFFALO : 2.
0:35 of 2nd period - Ryan O'Reilly wins face-off versus Jordan Staal in neutral zone.
0:41 of 2nd period - Marc Staal is hit by Brayden Schenn and loses puck.
0:51 of 2nd period - Shot by Alex Killorn.
0:51 of 2nd period - Stopped by Carter Hart with a rebound.
0:54 of 2nd period - Dustin Brown is hit by Matt Niskanen.
0:57 of 2nd period - Alex Killorn is hit by Matt Niskanen and loses puck.
0:59 of 2nd period - Minor Penalty to Damon Severson for Roughing.
1:00 of 2nd period - Ryan O'Reilly wins face-off versus Matt Duchene in WASHINGTON zone.
1:11 of 2nd period - Shot by Brock Nelson.
1:11 of 2nd period - Shot Blocked by Ryan Graves.
1:37 of 2nd period - Shot by Roman Josi.
1:37 of 2nd period - Shot Misses the Net.
1:39 of 2nd period - Shot by Drew Doughty.
1:39 of 2nd period - Stopped by Carter Hart without a rebound.
1:40 of 2nd period - Ryan O'Reilly wins face-off versus Eric Staal in WASHINGTON zone.
1:40 of 2nd period - Ryan O'Reilly is hit by James van Riemsdyk.
2:08 of 2nd period - Shot by James van Riemsdyk.
2:08 of 2nd period - Shot Misses the Net.
3:07 of 2nd period - Clayton Keller is hit by Marco Scandella and loses puck.
3:15 of 2nd period - Brendan Gallagher is hit by Marco Scandella and loses puck.
4:13 of 2nd period - Off-side.
4:14 of 2nd period - Ryan O'Reilly wins face-off versus Brad Marchand in neutral zone.
4:26 of 2nd period - Shot by Zach Parise.
4:26 of 2nd period - Shot Misses the Net.
4:38 of 2nd period - Shot by Brad Marchand.
4:38 of 2nd period - Stopped by Carter Hart without a rebound.
4:39 of 2nd period - Eric Staal wins face-off versus Casey Cizikas in WASHINGTON zone.
5:09 of 2nd period - Icing by Drew Doughty.
5:10 of 2nd period - Ryan O'Reilly wins face-off versus Eric Staal in BUFFALO zone.
5:23 of 2nd period - Shot by Zach Parise.
5:23 of 2nd period - Stopped by Alex Stalock without a rebound.
5:24 of 2nd period - Brock Nelson wins face-off versus Luke Glendening in BUFFALO zone.
5:24 of 2nd period - Brock Nelson is hit by Cal Clutterbuck.
5:40 of 2nd period - Marco Scandella is hit by Radko Gudas and loses puck.
6:37 of 2nd period - Icing by Roman Josi.
6:38 of 2nd period - Ryan Getzlaf wins face-off versus Jordan Staal in BUFFALO zone.
6:57 of 2nd period - Shot by Alex Killorn.
6:57 of 2nd period - Shot Misses the Net.
7:13 of 2nd period - Shot by Brendan Gallagher.
7:13 of 2nd period - Shot Blocked by Drew Doughty.
7:15 of 2nd period - Shot by Ryan Getzlaf.
7:15 of 2nd period - Deflect By Clayton Keller.
7:15 of 2nd period - Stopped by Alex Stalock without a rebound.
7:16 of 2nd period - Ryan O'Reilly wins face-off versus Eric Staal in BUFFALO zone.
7:41 of 2nd period - Shot by Ryan O'Reilly.
7:41 of 2nd period - Shot Misses the Net.
7:43 of 2nd period - Shot by Damon Severson.
7:43 of 2nd period - Shot Blocked by Shea Theodore.
7:53 of 2nd period - Shot by Ryan O'Reilly.
7:53 of 2nd period - Shot Hit the Post.
7:55 of 2nd period - Shot by Ryan O'Reilly.
7:55 of 2nd period - Goal by Ryan O'Reilly - WASHINGTON : 1 - BUFFALO : 2.
7:56 of 2nd period - Ryan Getzlaf wins face-off versus Matt Duchene in neutral zone.
8:05 of 2nd period - Shot by Ryan Graves.
8:05 of 2nd period - Shot Misses the Net.
8:07 of 2nd period - Shot by Victor Hedman.
8:07 of 2nd period - Shot Blocked by Marc Staal.
8:09 of 2nd period - Shot by Victor Hedman.
8:09 of 2nd period - Stopped by Alex Stalock without a rebound.
8:10 of 2nd period - Casey Cizikas wins face-off versus Jordan Staal in BUFFALO zone.
8:13 of 2nd period - Shot by Blake Wheeler.
8:13 of 2nd period - Deflect By Casey Cizikas.
8:13 of 2nd period - Goal by Casey Cizikas - WASHINGTON : 2 - BUFFALO : 2.
8:14 of 2nd period - Ryan Getzlaf wins face-off versus Matt Duchene in neutral zone.
9:12 of 2nd period - Icing by Shea Theodore.
9:13 of 2nd period - Eric Staal wins face-off versus Casey Cizikas in BUFFALO zone.
9:46 of 2nd period - Shot by Blake Wheeler.
9:46 of 2nd period - Goal by Blake Wheeler - WASHINGTON : 3 - BUFFALO : 2.
9:47 of 2nd period - Jordan Staal wins face-off versus Ryan O'Reilly in neutral zone.
10:17 of 2nd period - Shot by Alex Killorn.
10:17 of 2nd period - Deflect By Dustin Brown.
10:17 of 2nd period - Shot Misses the Net.
11:49 of 2nd period - Shot by Eric Staal.
11:49 of 2nd period - Stopped by Carter Hart with a rebound.
11:51 of 2nd period - Shot by Brent Seabrook.
11:51 of 2nd period - Shot Blocked by Radko Gudas.
12:11 of 2nd period - Shot by Marc Staal.
12:11 of 2nd period - Deflect By Carl Hagelin.
12:11 of 2nd period - Shot Blocked by Dylan DeMelo.
12:27 of 2nd period - Zach Parise is hit by Noel Acciari and loses puck.
12:36 of 2nd period - Shot by Carl Hagelin.
12:36 of 2nd period - Stopped by Carter Hart with a rebound.
12:38 of 2nd period - Shot by Marc Staal.
12:38 of 2nd period - Stopped by Carter Hart without a rebound.
12:39 of 2nd period - Dustin Brown wins face-off versus Ryan Getzlaf in WASHINGTON zone.
12:56 of 2nd period - Shot by Brendan Gallagher.
12:56 of 2nd period - Deflect By Ryan Getzlaf.
12:56 of 2nd period - Stopped by Alex Stalock without a rebound.
12:57 of 2nd period - Brock Nelson wins face-off versus Casey Cizikas in BUFFALO zone.
13:10 of 2nd period - Shot by Casey Cizikas.
13:10 of 2nd period - Shot Misses the Net.
13:17 of 2nd period - Minor Penalty to Brent Seabrook for Roughing.
13:18 of 2nd period - Jordan Staal wins face-off versus Ryan Getzlaf in BUFFALO zone.
13:29 of 2nd period - Roman Josi is hit by Ryan Getzlaf and loses puck.
14:46 of 2nd period - Shot by Damon Severson.
14:46 of 2nd period - Shot Misses the Net.
14:48 of 2nd period - Shot by Justin Williams.
14:48 of 2nd period - Shot Misses the Net.
14:50 of 2nd period - Shot by Matt Niskanen.
14:50 of 2nd period - Stopped by Alex Stalock without a rebound.
14:51 of 2nd period - Ryan Getzlaf wins face-off versus Jordan Staal in BUFFALO zone.
14:51 of 2nd period - Ryan Getzlaf is hit by Marc Staal.
14:55 of 2nd period - Shot by Damon Severson.
14:55 of 2nd period - Deflect By Brendan Gallagher.
14:55 of 2nd period - Stopped by Alex Stalock with a rebound.
14:57 of 2nd period - Shot by Damon Severson.
14:57 of 2nd period - Shot Misses the Net.
14:59 of 2nd period - Shot by Matt Niskanen.
14:59 of 2nd period - Stopped by Alex Stalock without a rebound.
15:00 of 2nd period - Jordan Staal wins face-off versus Ryan Getzlaf in BUFFALO zone.
15:32 of 2nd period - Shot by Victor Hedman.
15:32 of 2nd period - Shot Misses the Net.
16:31 of 2nd period - Ryan O'Reilly is hit by Eric Staal and loses puck.
17:23 of 2nd period - Icing by Radko Gudas.
17:24 of 2nd period - Matt Duchene wins face-off versus Luke Glendening in WASHINGTON zone.
17:27 of 2nd period - Shot by Matt Duchene.
17:27 of 2nd period - Shot Misses the Net.
17:29 of 2nd period - Shot by Marco Scandella.
17:29 of 2nd period - Stopped by Carter Hart without a rebound.
17:30 of 2nd period - Matt Duchene wins face-off versus Ryan Getzlaf in WASHINGTON zone.
17:32 of 2nd period - Brock Nelson is hit by Matt Niskanen and loses puck.
17:45 of 2nd period - Shot by Clayton Keller.
17:45 of 2nd period - Goal by Clayton Keller - WASHINGTON : 4 - BUFFALO : 2.
17:46 of 2nd period - Jordan Staal wins face-off versus Casey Cizikas in neutral zone.
18:01 of 2nd period - Alex Killorn is hit by Victor Hedman and loses puck.
18:17 of 2nd period - Shot by Blake Wheeler.
18:17 of 2nd period - Shot Misses the Net.
18:27 of 2nd period - Matt Niskanen is hit by Jordan Staal and loses puck.
19:32 of 2nd period - Brad Marchand is hit by Dylan DeMelo and loses puck.
19:40 of 2nd period - Brad Marchand is hit by Dylan DeMelo and loses puck.
19:49 of 2nd period - Shot by Brad Marchand.
19:49 of 2nd period - Shot Misses the Net.
19:51 of 2nd period - Shot by Roman Josi.
19:51 of 2nd period - Stopped by Carter Hart without a rebound.
19:52 of 2nd period - Eric Staal wins face-off versus Casey Cizikas in WASHINGTON zone.
Goals for this period are 4 for WASHINGTON vs 1 for BUFFALO.
Shots for this period are 11 for WASHINGTON vs 9 for BUFFALO.

3rd period


0:01 of 3rd period - Matt Duchene wins face-off versus Ryan Getzlaf in neutral zone.
0:03 of 3rd period - Brock Nelson is hit by Victor Hedman and loses puck.
0:32 of 3rd period - Shot by Brad Marchand.
0:32 of 3rd period - Stopped by Carter Hart without a rebound.
0:33 of 3rd period - Casey Cizikas wins face-off versus Eric Staal in WASHINGTON zone.
0:44 of 3rd period - Shot by Justin Williams.
0:44 of 3rd period - Shot Misses the Net.
1:55 of 3rd period - Minor Penalty to Drew Doughty for Roughing.
1:56 of 3rd period - Ryan Getzlaf wins face-off versus Jordan Staal in BUFFALO zone.
1:59 of 3rd period - Shot by Ryan Getzlaf.
1:59 of 3rd period - Stopped by Alex Stalock without a rebound.
2:00 of 3rd period - Jordan Staal wins face-off versus Ryan Getzlaf in BUFFALO zone.
2:24 of 3rd period - Damon Severson is hit by Roman Josi and loses puck.
2:27 of 3rd period - Shot by Ryan Getzlaf.
2:27 of 3rd period - Shot Misses the Net.
3:50 of 3rd period - Shot by Brendan Gallagher.
3:50 of 3rd period - Shot Blocked by Marco Scandella.
4:02 of 3rd period - Shot by Blake Wheeler.
4:02 of 3rd period - Stopped by Alex Stalock with a rebound.
4:04 of 3rd period - Shot by Radko Gudas.
4:04 of 3rd period - Stopped by Alex Stalock without a rebound.
4:05 of 3rd period - Luke Glendening wins face-off versus Eric Staal in BUFFALO zone.
5:15 of 3rd period - James van Riemsdyk is hit by Radko Gudas and loses puck.
5:56 of 3rd period - Shot by Brendan Gallagher.
5:56 of 3rd period - Deflect By Clayton Keller.
5:56 of 3rd period - Stopped by Alex Stalock with a rebound.
6:28 of 3rd period - Icing by Matt Niskanen.
6:29 of 3rd period - Jordan Staal wins face-off versus Casey Cizikas in WASHINGTON zone.
6:38 of 3rd period - Roman Josi is hit by Casey Cizikas and loses puck.
7:00 of 3rd period - Icing by Drew Doughty.
7:01 of 3rd period - Jordan Staal wins face-off versus Brendan Gallagher in BUFFALO zone.
7:01 of 3rd period - Roman Josi is hit by Brendan Gallagher and loses puck.
7:05 of 3rd period - Roman Josi is hit by Ryan Getzlaf and loses puck.
7:18 of 3rd period - Drew Doughty is hit by Victor Hedman and loses puck.
8:05 of 3rd period - Zach Parise is hit by Brad Marchand and loses puck.
8:42 of 3rd period - Shot by Charlie Coyle.
8:42 of 3rd period - Stopped by Carter Hart without a rebound.
8:43 of 3rd period - Casey Cizikas wins face-off versus Noel Acciari in WASHINGTON zone.
9:08 of 3rd period - Blake Wheeler is hit by Drew Doughty and loses puck.
9:14 of 3rd period - Blake Wheeler is hit by Drew Doughty and loses puck.
9:38 of 3rd period - Blake Wheeler is hit by Alex Killorn and loses puck.
10:07 of 3rd period - Shot by Clayton Keller.
10:07 of 3rd period - Shot Blocked by Marco Scandella.
11:03 of 3rd period - Shot by Brad Marchand.
11:03 of 3rd period - Deflect By Matt Duchene.
11:03 of 3rd period - Shot Misses the Net.
11:37 of 3rd period - Shot by Victor Hedman.
11:37 of 3rd period - Shot Blocked by Brad Marchand.
13:31 of 3rd period - Icing by Dustin Brown.
13:32 of 3rd period - Jordan Staal wins face-off versus Ryan O'Reilly in BUFFALO zone.
13:39 of 3rd period - Shot by Dustin Brown.
13:39 of 3rd period - Shot Blocked by Damon Severson.
13:41 of 3rd period - Shot by Roman Josi.
13:41 of 3rd period - Stopped by Carter Hart without a rebound.
13:42 of 3rd period - Jordan Staal wins face-off versus Ryan O'Reilly in WASHINGTON zone.
13:43 of 3rd period - Shot by Shea Theodore.
13:43 of 3rd period - Shot Misses the Net.
13:45 of 3rd period - Shot by Dustin Brown.
13:45 of 3rd period - Shot Misses the Net.
13:53 of 3rd period - Shot by Alex Killorn.
13:53 of 3rd period - Shot Blocked by Damon Severson.
13:55 of 3rd period - Shot by Jordan Staal.
13:55 of 3rd period - Shot Misses the Net.
14:10 of 3rd period - Zach Parise is hit by Brent Seabrook and loses puck.
14:14 of 3rd period - Brayden Schenn beats up Shea Theodore.
14:14 of 3rd period - Penalty to Shea Theodore for Fighting.
14:14 of 3rd period - Penalty to Brayden Schenn for Fighting.
14:15 of 3rd period - Matt Duchene wins face-off versus Casey Cizikas in neutral zone.
14:19 of 3rd period - Minor Penalty to Victor Hedman for High sticking.
14:20 of 3rd period - Ryan O'Reilly wins face-off versus Matt Duchene in WASHINGTON zone.
15:00 of 3rd period - Shot by Brock Nelson.
15:00 of 3rd period - Shot Misses the Net.
15:04 of 3rd period - Shot by Brad Marchand.
15:04 of 3rd period - Stopped by Carter Hart without a rebound.
15:05 of 3rd period - Ryan Getzlaf wins face-off versus Eric Staal in WASHINGTON zone.
15:29 of 3rd period - Icing by Brent Seabrook.
15:30 of 3rd period - Ryan O'Reilly wins face-off versus Eric Staal in BUFFALO zone.
16:00 of 3rd period - Off-side.
16:01 of 3rd period - Matt Duchene wins face-off versus Ryan O'Reilly in neutral zone.
16:14 of 3rd period - Shot by Drew Doughty.
16:14 of 3rd period - Stopped by Carter Hart with a rebound.
16:20 of 3rd period - Shot by Dustin Brown.
16:20 of 3rd period - Shot Misses the Net.
16:51 of 3rd period - Shot by Brendan Gallagher.
16:51 of 3rd period - Shot Blocked by Roman Josi.
16:53 of 3rd period - Shot by Ryan Getzlaf.
16:53 of 3rd period - Stopped by Alex Stalock without a rebound.
16:54 of 3rd period - Ryan O'Reilly wins face-off versus Matt Duchene in BUFFALO zone.
17:16 of 3rd period - Minor Penalty to Zach Parise for Hooking.
17:17 of 3rd period - Eric Staal wins face-off versus Ryan Getzlaf in WASHINGTON zone.
17:32 of 3rd period - Shot by Ryan Getzlaf.
17:32 of 3rd period - Stopped by Alex Stalock without a rebound.
17:33 of 3rd period - Ryan O'Reilly wins face-off versus Matt Duchene in BUFFALO zone.
17:46 of 3rd period - Shot by Brad Marchand.
17:46 of 3rd period - Shot Misses the Net.
17:48 of 3rd period - Shot by Drew Doughty.
17:48 of 3rd period - Shot Misses the Net.
17:50 of 3rd period - Shot by Drew Doughty.
17:50 of 3rd period - Goal by Drew Doughty - WASHINGTON : 4 - BUFFALO : 3.
17:51 of 3rd period - Eric Staal wins face-off versus Ryan Getzlaf in neutral zone.
18:13 of 3rd period - Shot by Clayton Keller.
18:13 of 3rd period - Stopped by Alex Stalock with a rebound.
18:15 of 3rd period - Shot by Victor Hedman.
18:15 of 3rd period - Goal by Victor Hedman - WASHINGTON : 5 - BUFFALO : 3.
18:16 of 3rd period - Ryan O'Reilly wins face-off versus Matt Duchene in neutral zone.
18:16 of 3rd period - Ryan O'Reilly is hit by Matt Duchene.
19:03 of 3rd period - Icing by Matt Niskanen.
19:04 of 3rd period - Ryan O'Reilly wins face-off versus Eric Staal in WASHINGTON zone.
19:16 of 3rd period - Shot by Charlie Coyle.
19:16 of 3rd period - Stopped by Carter Hart without a rebound.
19:17 of 3rd period - Ryan Getzlaf wins face-off versus Jordan Staal in WASHINGTON zone.
19:38 of 3rd period - Shot by Clayton Keller.
19:38 of 3rd period - Shot Misses the Net.
19:40 of 3rd period - Shot by Clayton Keller.
19:40 of 3rd period - Shot Misses the Net.
19:47 of 3rd period - Off-side.
19:48 of 3rd period - Eric Staal wins face-off versus Ryan O'Reilly in neutral zone.
Goals for this period are 1 for WASHINGTON vs 1 for BUFFALO.
Shots for this period are 8 for WASHINGTON vs 7 for BUFFALO.